 Dungeon Crawl Stone Soup version 0.29.1 (webtiles) character file.

Game seed: 3360936805282762003

56 SensoryNuts the Sneak (level 3, -4/24 HPs)
             Began as an Octopode Brigand on Sept 14, 2022.
             Slain by a gnoll
             ... wielding a +0 flail
              (12 damage)
             ... on level 3 of the Dungeon.
             The game lasted 00:02:03 (1597 turns).

SensoryNuts the Sneak (Octopode Brigand)            Turns: 1597, Time: 00:02:05

Health: -4/24      AC:  1    Str: 10    XL:     3   Next: 95%
Magic:  3/3        EV: 12    Int: 13    God:
Gold:   131        SH:  3    Dex: 15    Spells: 2/2 levels left

rFire   . . .      SeeInvis .   g - +0 short sword (venom)
rCold   . . .      Faith    .   k - +0 buckler
rNeg    . . .      Spirit   .   (helmet restricted)
rPois   .          Reflect  .   (no amulet)
rElec   .          Harm     .   (no ring)
rCorr   .          Rampage  .   (no ring)
Will    .....                   (no ring)
Stlth   ++++......              (no ring)
HPRegen 0.08/turn               (no ring)
MPRegen 0.08/turn               (no ring)
                                (no ring)
                                (no ring)

@: no status effects
A: almost no armour, amphibious, 8 rings, camouflage 1, gelatinous body 1,
(nimble swimmer 1), tentacles
a: no special abilities


You were on level 3 of the Dungeon.
You visited 1 branch of the dungeon, and saw 3 of its levels.

You collected 131 gold pieces.

Inventory:

Hand Weapons
 g - a +0 short sword of venom (weapon)
Missiles
 b - 14 poisoned darts (quivered)
 c - 7 curare-tipped darts
 d - a throwing net
Armour
 j - an orb of guile
 k - a +0 buckler (worn)
Jewellery
 i - a ring of magical power
Scrolls
 a - 2 scrolls of identify
 e - a scroll of magic mapping {unknown}
Potions
 f - 2 potions of mutation {unknown}
 h - a potion of brilliance {unknown}
 l - a potion of attraction {unknown}
 m - a potion of curing {unknown}


   Skills:
 + Level 2.0 Fighting
 + Level 2.4 Short Blades
 + Level 2.1 Throwing
 + Level 1.0 Dodging
 * Level 7.0 Stealth


You had 2 spell levels left.
You didn't know any spells.
Your spell library contained the following spells:

 Spells                   Type           Power      Damage    Failure   Level
 Blink                    Tloc           0%         N/A       54%         2
 Lesser Beckoning         Tloc           0%         N/A       77%         3
 Manifold Assault         Tloc           0%         N/A       100%        5


Dungeon Overview and Level Annotations

Branches:
Dungeon (3/15)

Altars:
Yredelemnul

Shops:
D:1 (


Innate Abilities, Weirdness & Mutations

You cannot wear most types of armour.
You are amphibious.
You can wear up to eight rings at the same time.
Your skin changes colour to match your surroundings (Stealth+).
Your rubbery body absorbs attacks. (AC +1, EV +1)
((You are camouflaged when in or above water. (Stealth+)))
You have tentacles for arms and can constrict up to eight enemies at once.


Message History

No target in view!
No target in view!
You see here an adder skeleton.
You see here a +0 buckler.
k - a +0 buckler You start putting on your armour.
You continue putting on your +0 buckler. x4
You finish putting on your +0 buckler.
There is a stone staircase leading down here.
You climb downwards.
Found a basalt altar of Yredelemnul.
There is a stone staircase leading up here.
Found a spear.
f - 2 fuming cyan potions (gained 1)
l - a black potion No target in view!
You open the door.
Found a stone staircase leading down.
There is an open door here.
Found a chain mail.
No target in view!
You see here a +0 chain mail.
m - a sedimented amethyst potion You now have 131 gold pieces (gained 11). 2 gnolls come into view.
A gnoll comes into view. It is wielding a +0 flail.
The gnoll shouts! x2
Found a scroll labelled WYTTUA OLECY.
The gnoll barely misses you.
You closely miss the gnoll. You grab the gnoll. You squeeze the gnoll!
The gnoll is severely wounded.
You constrict the gnoll, but do no damage.
The gnoll hits you with a +0 whip.
You barely miss the gnoll.
The gnoll is severely wounded.
You constrict the gnoll, but do no damage.
The gnoll hits you with a +0 club. The gnoll hits you with a +0 whip.
The gnoll hits you with a +0 flail!
Ouch! That really hurt!
You die...

#. ###### .. ......
#. ....# #. ....#
#.#?...## .......#
.##########gg..#.##
...........@g......
######..#######.#.
#........#
#.##..##.# #......#
#......+ #......#
#......#
####......#


You could see 3 gnolls.

Vanquished Creatures
  2 adders (D:2)
  4 ball pythons
  3 endoplasms
  2 giant cockroaches
  7 goblins
  5 hobgoblins
  2 bats (D:1)
  3 frilled lizards
  4 kobolds
  3 rats (D:1)
35 creatures vanquished.

Vanquished Creatures (others)
  3 fungi (D:2)
  5 plants (D:2)
8 creatures vanquished.

Grand Total: 43 creatures vanquished

Notes
Turn   | Place    | Note
-------+----------+-------------------------------------------
     0 | D:1      | SensoryNuts the Octopode Brigand began the quest for the
                  | Orb.
     0 | D:1      | Reached XP level 1. HP: 14/14 MP: 1/1
    83 | D:1      | Reached XP level 2. HP: 19/19 MP: 2/2
    95 | D:1      | Found Ulell's Weapon Boutique.
   285 | D:1      | Reached skill level 6 in Stealth
   744 | D:1      | Reached XP level 3. HP: 21/24 MP: 3/3
  1209 | D:2      | Found a faded altar of an unknown god.
  1313 | D:2      | Reached skill level 7 in Stealth
  1490 | D:3      | Found a basalt altar of Yredelemnul.
  1597 | D:3      | Slain by a gnoll

Illustrated notes

Levels and vault maps discovered:
D:1:      dpeg_arrival_subterranean_lakeside_camping, layout_loops_ring,
          serial_shops, shop
D:2:      layout_basic, shapermc_ecumenical_altar_gd, minmay_misc_feat_alley,
          uniq_robin
D:3:      layout_basic, marbit_many_paths, mainiacjoe_overflow_boulevard

Skill      XL: |  1  2  3 |
---------------+----------+-----
Stealth        | 6 7 |  7.0
Fighting       | |  2.0
Short Blades   | |  2.4
Throwing       | |  2.1
Dodging        | |  1.0

Action                   || total
-------------------------++-------
Melee: Dagger            ||    25
       Short sword       ||    30
       Tentacles         ||     5
       Constrict         ||     5
       Punch             ||     2
  Use: Scroll            ||     2
 Stab: Sleeping          ||    21
Armor: Skin              ||     3
Dodge: Dodged            ||    17
